AoeStats
← Jan Itor

Nomad

509196787Analyzed
4v4 RM · 7d ago on Sep 25, 2026· 39m 15s· 8 players
Game mode
Random Map
Map size
231×231
Population
200
Speed
Normal
Resources
Standard
Victory
Conquest
Starting age
Dark Age
Ending age
Imperial Age
RankedLock teamsTeams togetherTeam positionsShared explorationLock speedFull tech treeHidden civsTurbo modeCheats
Victory
Defeat
🇲🇽 Saracens · Mexico
1891
+12
🇲🇽 Goths · Mexico
1877
+12
🇲🇽 Japanese · Mexico
1639
+22
🇵🇦 Armenians · Panama
1531
+26
🇩🇪 Tatars · Germany
1835
-20
🇲🇽 Jurchens · Mexico
1831
-20
🇲🇽 Britons · Mexico
1786
-18
🇲🇽 Huns · Mexico
1687
-14
|Thepejezombie
6:01 Loom
12:43 Feudal Age
16:31 Castle Age
16:49 Town Watch
16:52 Double-Bit Axe
18:30 Medium Warships
19:03 Bow Saw
25:20 Fletching
28:16 Horse Collar
35:32 Imperial Age
33:51 Bodkin Arrow
34:15 Padded Archer Armor
35:06 Ballistics
35:42 Wheelbarrow
36:10 Leather Archer Armor
36:39 Bracer
Ux'LobodeLaNieve
3:03 Loom
13:11 Feudal Age
17:33 Castle Age
15:53 Double-Bit Axe
16:44 Fletching
16:42 Town Watch
18:13 Bodkin Arrow
18:33 Bow Saw
26:43 Padded Archer Armor
26:25 Horse Collar
28:43 Wheelbarrow
UXKEKO
4:37 Loom
14:58 Feudal Age
18:50 Castle Age
17:13 Double-Bit Axe
17:14 Horse Collar
18:10 Bloodlines
18:46 Scale Barding Armor
19:26 Gold Mining
20:37 Forging
31:34 Bow Saw
Jan Itor
5:35 Loom
18:24 Feudal Age
20:01 Wheelbarrow
19:36 Double-Bit Axe
20:35 Town Watch
26:43 Castle Age
25:58 Fishing Lines
27:51 Gillnets
28:15 Bow Saw
30:14 Horse Collar
33:10 Heavy Plow
35:32 Medium Warships
35:35 Forging
36:54 Iron Casting
36:48 Gold Mining
37:22 Hand Cart
40:53 Imperial Age
39:11 Stone Mining
39:41 Scale Barding Armor
Telo Bombeo
4:36 Loom
15:11 Feudal Age
15:56 Double-Bit Axe
17:08 Forging
20:25 Castle Age
19:17 Gold Mining
19:12 Horse Collar
19:55 Fishing Lines
21:16 Medium Warships
21:43 Iron Casting
21:22 Bow Saw
24:40 Wheelbarrow
25:13 Town Watch
25:26 Stone Mining
27:14 Hand Cart
27:07 Fletching
27:58 Heavy Plow
30:44 Gold Shaft Mining
33:33 Imperial Age
31:03 Bodkin Arrow
31:32 Ballistics
31:47 Padded Archer Armor
34:14 Bracer
35:17 Chemistry
34:54 Conscription
34:18 Elite Composite Bowman
36:51 Fereters
38:05 Leather Archer Armor
37:50 Scale Mail Armor
39:28 Ring Archer Armor
FierroFlash
5:28 Loom
14:20 Feudal Age
15:37 Town Watch
18:18 Castle Age
17:41 Double-Bit Axe
19:13 Bow Saw
20:45 Town Watch
22:40 Scale Barding Armor
26:55 Forging
27:13 Gold Mining
28:06 Chain Barding Armor
31:58 Horse Collar
35:06 Fishing Lines
36:52 Forging
38:26 Heavy Plow
39:08 Gold Shaft Mining
39:27 Wheelbarrow
39:02 Fletching
hK | FraKTal
3:43 Loom
13:56 Feudal Age
14:31 Double-Bit Axe
14:47 Town Watch
17:26 Castle Age
15:23 Gold Mining
15:55 Scale Mail Armor
15:55 Man-at-Arms
17:32 Long Swordsman
18:34 Fishing Lines
22:00 Forging
21:33 Pikeman
26:42 Wheelbarrow
26:30 Squires
27:48 Hand Cart
30:19 Chain Mail Armor
32:07 Horse Collar
33:44 Heavy Plow
38:11 Imperial Age
35:45 Anarchy
36:33 Iron Casting
36:30 Bow Saw
38:33 Elite Huskarl
kazumakine
4:51 Loom
13:45 Feudal Age
13:48 Man-at-Arms
14:14 Arson
14:18 Town Watch
19:52 Castle Age
19:56 Fletching
20:39 Bodkin Arrow
20:18 Crossbowman
22:20 Thumb Ring
23:57 Padded Archer Armor
28:30 Ballistics
31:00 Squires
30:20 Long Swordsman
35:25 Wheelbarrow
Connection lost

Rejoining the realm…

Still unreachable

The connection could not be restored.

Session expired

The server has moved on; the page needs a fresh start.